 Dungeon Crawl Stone Soup version 0.29.0-10-g45618ea6d2 (webtiles) character file.

Game seed: 14441561969853230047

1371 Zeldest the Ruffian (level 8, -4/71 HPs)
             Began as a Troll Wanderer on Sept 1, 2022.
             Slain by a hornet (6 damage)
             ... while paralysed by a hornet
             ... on level 7 of the Dungeon.
             The game lasted 00:12:47 (2381 turns).

Zeldest the Ruffian (Troll Wanderer)                Turns: 2381, Time: 00:12:48

Health: -4/71      AC:  4    Str: 17    XL:     8   Next: 38%
Magic:  8/8        EV:  1    Int: 15    God:
Gold:   225        SH:  0    Dex:  8    Spells: 8/9 levels left

rFire   . . .      SeeInvis .     - Unarmed
rCold   . . .      Faith    .   d - +1 kite shield
rNeg    . . .      Spirit   .   c - +0 robe
rPois   .          Reflect  .   (helmet restricted)
rElec   .          Harm     .   (no cloak)
rCorr   .          Rampage  .   (gloves unavailable)
Will    .....                   (boots unavailable)
Stlth   +.........              e - amulet of regeneration
HPRegen 1.81/turn               (no ring)
MPRegen 0.11/turn               (no ring)

@: paralysed, mighty, lethally poisoned (-4 -> -5), slowed
A: large, unfitting armour, claws 3, regeneration 1, shaggy fur 1, tough skin 1
a: no special abilities


You were on level 7 of the Dungeon.
You visited 1 branch of the dungeon, and saw 7 of its levels.

You collected 225 gold pieces.

Inventory:

Armour
 c - a +0 robe (worn)
 d - a +1 kite shield (worn)
Jewellery
 e - an amulet of regeneration (around neck)
 m - an amulet of magic regeneration
Wands
 q - a wand of flame (13)
Scrolls
 f - a scroll of teleportation
 i - 2 scrolls of enchant armour
Potions
 a - a potion of flight {unknown}
 b - a potion of haste
 h - 2 potions of curing
 o - a potion of ambrosia {unknown}
 p - a potion of might


   Skills:
 - Level 1.7 Fighting
 - Level 1.0 Throwing
 - Level 1.0 Shields
 + Level 5.5 Unarmed Combat
 - Level 1.0 Spellcasting
 - Level 2.1 Summonings
 - Level 2.4 Necromancy
 + Level 4.3 Transmutations
 + Level 3.8 Air Magic
 - Level 0.1 Earth Magic


You had 8 spell levels left.
You knew the following spells:

 Your Spells              Type           Power      Damage    Failure   Level
a - Apportation           Tloc           0%         N/A       54%         1

Your spell library contained the following spells:

 Spells                   Type           Power      Damage    Failure   Level
 Necrotise                Necr           28%        1d5       24%         1
 Summon Small Mammal      Summ           28%        N/A       26%         1
 Vampiric Draining        Necr           7%         2d6       58%         3
 Call Canine Familiar     Summ           7%         N/A       61%         3
 Summon Guardian Golem    Hex/Summ       4%         N/A       77%         3
 Portal Projectile        Hex/Tloc       0%         N/A       88%         3
 Tukima's Dance           Hex            0%         N/A       88%         3
 Blade Hands              Tmut           6%         N/A       97%         5
 Fulminant Prism          Conj/Hex       0%         3d6       99%         4
 Iskenderun's Mystic Bla  Conj/Tloc      0%         2d3       99%         4
 Passage of Golubria      Tloc           0%         N/A       99%         4
 Alistair's Intoxication  Tmut/Pois      4%         N/A       100%        5
 Lee's Rapid Deconstruct  Erth           0%         3d5*      100%        5
 Silence                  Hex/Air        3%         N/A       100%        5
 Lehudib's Crystal Spear  Conj/Erth      0%         10d2      100%        8


Dungeon Overview and Level Annotations

Branches:
Dungeon (7/15)
 Temple: D:4-7

Altars:
Fedhas
Wu Jian

Shops:
D:1 :*   D:6 [


Innate Abilities, Weirdness & Mutations

You are too large for most types of armour.
You have claws for hands.
Your natural rate of healing is unusually fast.
You are covered in fur. (AC +1)
You have tough skin. (AC +1)


Message History

The hornet stings you!
You are poisoned.
You suddenly lose the ability to move!
You hear a shout!
You hear a howl!
You hear a shout!
You feel yourself speed up.
You feel very sick. The hornet stings you!
You feel yourself slow down. The hornet stings you.
You feel as though you will be slow longer.
You can move again.
You completely miss the hornet.
The hornet is moderately wounded.
You feel very sick. The hornet stings you.
* * * LOW HITPOINT WARNING * * *
You feel as though you will be slow longer.
The hornet stings you!
* * * LOW HITPOINT WARNING * * *
You are more poisoned.
You feel as though you will be slow longer.
You mangle the hornet!!
The hornet is almost dead.
You feel very sick.
You hear a loud, deep croak!
You block the hornet's attack. x2
A bullfrog comes into view.
You feel much better.
You feel very sick. The hornet stings you.
You suddenly lose the ability to move!
The hornet stings you!
* * * LOW HITPOINT WARNING * * *
You feel as though you will be slow longer.
The bullfrog hits you!
* * * LOW HITPOINT WARNING * * *
A white imp comes into view.
The bullfrog hits you but does no damage.
The hornet stings you.
* * * LOW HITPOINT WARNING * * *
You feel as though you will be slow longer.
You feel sick. The hornet stings you.
You die...

#.#####....
...# #..#.
#.. ......
##.#. #..#
#######
..#. ... #.
#..#####
... #.
#......
#.##.
#######
######.#F#
.......#@#
#..#yK#
#.#.##.5#
#.#.# .#
####.##. .#
#.....##( #
#.###..##.
# ##..###
##.#


You could see a hornet, a kobold brigand, a bullfrog and a white imp.

Vanquished Creatures
  Pikel (D:7)
  Sigmund (D:5)
  Eustachio (D:4)
  2 lemures (D:6)
  A necrophage (D:6)
  A gnoll sergeant (D:6)
  2 scorpions
  A howler monkey (D:6)
  A hound (D:5)
  A jelly (D:6)
  4 iguanas
  An orc wizard (D:5)
  Robin (D:2)
  6 gnolls
  2 adders
  A dart slug (D:1)
  A worm (D:4)
  8 orcs
  3 endoplasms
  13 goblins
  8 hobgoblins
  3 jackals (D:5)
  A quokka (D:1)
  6 ball pythons
  2 bats (D:1)
  7 frilled lizards
  2 kobolds
  2 rats
83 creatures vanquished.

Notes
Turn   | Place    | Note
-------+----------+-------------------------------------------
     0 | D:1      | Zeldest the Troll Wanderer began the quest for the Orb.
     0 | D:1      | Zeldest set off with the following items: a +0 club, a
                  | potion of haste, a +0 robe, a +0 kite shield; and the
                  | following spells available to memorise: Necrotise, Summon
                  | Small Mammal, Vampiric Draining, Call Canine Familiar,
                  | Summon Guardian Golem.
     0 | D:1      | Reached XP level 1. HP: 19/19 MP: 1/1
   121 | D:1      | Reached skill level 1 in Unarmed Combat
   213 | D:1      | Reached XP level 2. HP: 27/27 MP: 2/2
   373 | D:1      | Found Neappepa's General Store.
   414 | D:1      | Found Ihyguol's Book Shoppe.
   731 | D:2      | Noticed Robin
   773 | D:1      | Reached XP level 3. HP: 33/33 MP: 3/3
   787 | D:1      | Reached skill level 1 in Transmutations
   814 | D:2      | Killed Robin
   863 | D:2      | Found an ornate altar of the Wu Jian Council.
   888 | D:2      | Reached skill level 1 in Air Magic
  1023 | D:3      | Reached XP level 4. HP: 36/41 MP: 4/4
  1217 | D:4      | Found a blossoming altar of Fedhas.
  1246 | D:4      | Noticed Eustachio
  1271 | D:4      | Killed Eustachio
  1272 | D:4      | Reached skill level 2 in Unarmed Combat
  1272 | D:4      | Reached XP level 5. HP: 42/49 MP: 5/5
  1379 | D:5      | Entered Level 5 of the Dungeon
  1482 | D:5      | Reached XP level 6. HP: 54/57 MP: 6/6
  1523 | D:5      | Identified the +3 short sword "Boasil" {vorpal, MP+9}
  1539 | D:5      | Reached skill level 3 in Unarmed Combat
  1540 | D:5      | Noticed Sigmund
  1557 | D:5      | Killed Sigmund
  1589 | D:5      | Reached XP level 7. HP: 63/63 MP: 7/7
  1742 | D:5      | Reached skill level 4 in Unarmed Combat
  1764 | D:5      | Learned a level 1 spell: Apportation
  1794 | D:6      | Found Asherual's Antique Armour Emporium.
  2129 | D:7      | Noticed Pikel
  2228 | D:7      | Killed Pikel
  2229 | D:7      | Reached skill level 5 in Unarmed Combat
  2229 | D:7      | Reached XP level 8. HP: 62/71 MP: 8/8
  2374 | D:7      | Noticed a hornet
  2376 | D:7      | Paralysed by a hornet for 2 turns
  2380 | D:7      | Paralysed by a hornet for 2 turns
  2380 | D:7      | HP: 2/71 [hornet (6)]
  2381 | D:7      | Slain by a hornet

Illustrated notes

Levels and vault maps discovered:
D:1:      erik_arrival_triangle_medium, layout_basic, serial_shops, shop,
          nicolae_shop_advertising_works [nicolae_subvault_shop_adworks]
D:2:      layout_rooms, hellmonk_ecumenical_altar_run_dry, basic_altar,
          uniq_natasha, uniq_robin
D:3:      cheibrodos_pilgrimage, layout_loops_corners, uniq_grinder,
          uniq_terence, uniq_crazy_yiuf_cottage
D:4:      layout_loops_ring, gammafunk_temple_overflow_arena,
          mainiacjoe_overflow_six_doors_small, nicolae_figureground_sparkle,
          uniq_eustachio
D:5:      cheibrodos_quashed, layout_gridville, trog_antimagical, fountainhead,
          cheibrodos_gnoll_hut, uniq_sigmund
D:6:      layout_basic, minmay_temple_entry_fiery, nicolae_take_the_stairs
D:7:      minmay_the_grid_octo_tiled_octocenter
          [minmay_the_grid_octo_checkerflower, minmay_the_grid_octo_clover,
          minmay_the_grid_octo_chip, minmay_the_grid_octo_teeth,
          minmay_the_grid_octo_prize_big_c, minmay_the_grid_square_5x5_percent,
          minmay_the_grid_square_5x5_bracketed,
          minmay_the_grid_square_5x5_eight, minmay_the_grid_square_5x5_three],
          layout_loops_ring, nemelex_diamond_rough_becter, uniq_pikel

Skill      XL: |  1  2  3  4  5  6  7 |
---------------+----------------------+-----
Unarmed Combat | 1 2 3 5 |  5.5
Transmutations | 1 2 4 |  4.3
Air Magic      | 1 2 3 |  3.8
Fighting       | |  1.7
Throwing       | |  1.0
Shields        | |  1.0
Spellcasting   | |  1.0
Summonings     | |  2.1
Necromancy     | |  2.4
Earth Magic    | |  0.1

Action                   |  1- 3 |  4- 6 |  7- 9 || total
-------------------------+-------+-------+-------++-------
Melee: Unarmed           |   125 |    76 |   155 ||   356
  Use: Scroll            |       |     4 |     7 ||    11
       Potion            |       |     2 |     3 ||     5
 Stab: Sleeping          |     1 |       |       ||     1
Armor: Robe              |    40 |    15 |    26 ||    81
       Skin              |       |    11 |       ||    11
Dodge: Dodged            |    48 |    10 |    38 ||    96
Block: Kite shield       |    44 |    30 |    45 ||   119
